 Dungeon Crawl Stone Soup version 0.32-a0-913-g739538afd8 (webtiles) character file.

Game seed: 1916738940956379770

6419 Revguard the Blocker (level 10, -2/86 HPs)
             Began as an Armataur Fighter on Apr 9, 2024.
             Was a Follower of the Shining One.
             Slain by a yak (10 damage)
             ... on level 9 of the Dungeon.
             The game lasted 00:20:45 (7906 turns).

Revguard the Blocker (Armataur Fighter)             Turns: 7906, Time: 00:20:45

Health: -2/86      AC: 23    Str: 21    XL:     10   Next: 66%
Magic:  12/13      EV:  2    Int:  8    God:    the Shining One [*.....]
Gold:   174        SH: 23    Dex: 15    Spells: 9/9 levels left

rFire   . . .        E - +0 scimitar
rCold   + . .        r - +0 tower shield
rNeg    + . .        i - +0 plate armour
rPois   .            e - +0 helmet
rElec   .            k - +0 cloak
rCorr   .            z - +2 pair of gloves
SInv    .            (no barding)
Will    .....        (no amulet) Stlth
                     G - +4 ring of protection
HPRegen 0.34/turn    H - ring of positive energy
MPRegen 0.13/turn

%: roll
@: divinely shielded, slowed, glowing, very slow
A: large, deformed body, tough skin 3, armoured tail, rollpage 2, stinger 1,
talons 1, iridescent scales 1, cold resistance 1, mutation resistance 1
a: Renounce Religion, Divine Shield


You were on level 9 of the Dungeon.
You worshipped the Shining One.
The Shining One was aware of your devotion.
You visited 2 branches of the dungeon, and saw 10 of its levels.

You collected 368 gold pieces.
You spent 194 gold pieces at shops.

Inventory:

Hand Weapons
 a - a +0 long sword
 E - a +0 scimitar (weapon)
Armour
 b - a +0 scale mail
 c - a +0 buckler
 e - a +0 helmet (worn)
 i - a +0 plate armour (worn)
 k - a +0 cloak (worn)
 r - a +0 tower shield (worn)
 z - a +2 pair of gloves (worn)
Jewellery
 F - an amulet of the acrobat
 G - a +4 ring of protection (left hand)
 H - a ring of positive energy (right hand)
Wands
 d - a wand of warping (34)
 h - a wand of mindburst (10)
 w - a wand of digging (6)
 D - a wand of polymorph (11)
Scrolls
 j - 2 scrolls of teleportation
 m - a scroll of summoning
 n - a scroll of amnesia
 u - a scroll of enchant armour {unknown}
 x - 3 scrolls of fear {unknown}
 y - 2 scrolls of torment {unknown}
 A - a scroll of enchant weapon {unknown}
 C - a scroll of immolation
Potions
 g - 2 potions of magic
 p - 2 potions of invisibility
 q - a potion of resistance
 s - 6 potions of curing
 t - 3 potions of enlightenment
 v - 2 potions of brilliance
 B - 2 potions of heal wounds


   Skills:
 * Level 7.3 Fighting
 * Level 6.9 Long Blades
 + Level 7.3 Armour
 + Level 3.7 Dodging
 * Level 8.2 Shields
 + Level 5.0 Invocations
 + Level 5.1 Evocations


You had 9 spell levels left.
You didn't know any spells.
Your spell library contained the following spells:

 Spells                   Type           Power      Damage    Failure   Level
 Call Imp                 Summ           0%         N/A       100%        2
 Lesser Beckoning         Tloc           0%         N/A       100%        2
 Sublimation of Blood     Necr           0%         N/A       100%        2
 Maxwell's Portable Pile  Tloc           0%         2d(5-13)  100%        3
 Teleport Other           Tloc           0%         N/A       100%        3
 Summon Hydra             Summ           0%         N/A       100%        7


Dungeon Overview and Level Annotations

Branches:
Dungeon (9/15)             Temple (1/1) D:5            Lair (0/5) D:8
    Orc: D:9-12

Altars:
Ashenzari
Cheibriados
Dithmenos
Fedhas
Hepliaklqana
Kikubaaqudgha
Makhleb
Nemelex Xobeh
Okawaru
Qazlal
Ru
Sif Muna
Trog
Uskayaw
Vehumet
Wu Jian
Xom
Yredelemnul
Zin
The Shining One
Jiyva
Lugonu

Shops:
D:3 *   D:4 :   D:5 =![   D:7 [

Annotations:
D:7 3 runed translucent doors, 2 transporters, WhiterunGuard03's ghost, novice SpAl
Temple 2 transporters


Innate Abilities, Weirdness & Mutations

Armour fits poorly on your strangely shaped body.
You have extremely tough skin. (AC +3)
You have a long armoured tail.
You regenerate magic and health when rolling toward enemies. (Rampage Regen)
Your tail ends in a venomous barb.
You have sharp toenails.
You are partially covered in iridescent scales. (AC +2)
Your flesh is cold resistant. (rC+)
You are somewhat resistant to further mutation.


Message History

The wraith is almost destroyed.
The wraith hits you. You block the yak's attack. x2
The yak gores you but does no damage. You block the yak's attack.
The yak gores you! You block the yak's attack.
The wraith hits you but does no damage.
Your shield is strengthened by the Shining One's divine power.
You block the wraith's attack. The yak gores you! The yak barely misses you.
You block the yak's attack.
You slash the wraith!
You destroy the wraith!
The Shining One accepts your kill. The yak gores you!
You block the yak's attack. x3; The yak gores you!
You block the yak's attack.
Unknown command.
You hit the yak but do no damage. You block the yak's attack. x4
The yak gores you.
* * * LOW HITPOINT WARNING * * *
The yak completely misses you.
You slash the yak! You claw the yak, but do no damage.
The yak is moderately wounded.
You block the yak's attack. x3; The yak gores you but does no damage.
You block the yak's attack. The yak gores you but does no damage.
You hit the yak but do no damage. You claw the yak.
The yak is moderately wounded.
You block the yak's attack. x2; The yak gores you but does no damage.
You block the yak's attack. x2; The yak gores you but does no damage.
You hit the yak. You tail-slap the yak.
The yak is severely wounded.
You block the yak's attack. x4; The yak gores you!
* * * LOW HITPOINT WARNING * * *
The yak gores you but does no damage.
You slash the yak! You claw the yak.
You kill the yak!
You block the yak's attack. x4
You slash the yak!
The yak is moderately wounded.
The yak gores you!
* * * LOW HITPOINT WARNING * * *
The yak gores you!
You die...

############
#...........
#...........
#....Y......
#####...@.......
.........Y......
................
................
...........?....
................
.......########.
....... .......


You could see 2 yaks.

Vanquished Creatures
  A two-headed ogre (D:8)
  Maurice (D:7)
  Psyche (D:8)
  3 wyverns (D:8)
  9 yaks
  A wraith (D:9)
  Eustachio (D:6)
  A basilisk (D:8)
  A steam dragon (D:7)
  4 water moccasins (D:8)
  A sky beast (D:5)
  A black bear (D:7)
  4 orc warriors
  An ice beast (D:4)
  2 ogres
  2 centaurs
  2 kobold brigands
  Blork the orc (D:5)
  2 bullfrogs
  A gnoll sergeant (D:6)
  4 scorpions
  2 howler monkeys (D:8)
  2 orc priests
  3 hounds
  Crazy Yiuf (D:5)
  6 jellies
  4 iguanas
  Ijyb (D:5)
  5 orc wizards
  4 gnolls
  9 adders
  2 ufetubi (D:6)
  A dart slug (D:4)
  2 ribbon worms
  30 orcs
  9 ball pythons
  7 bats
  6 endoplasms
  3 giant cockroaches
  7 goblins
  14 hobgoblins
  2 jackals (D:5)
  24 kobolds
  2 quokkas (D:1)
  A frilled lizard (D:1)
  5 rats
196 creatures vanquished.

Notes
Turn   | Place    | Note
-------+----------+-------------------------------------------
     0 | D:1      | Revguard the Armataur Fighter began the quest for the Orb.
     0 | D:1      | Reached XP level 1. HP: 18/18 MP: 1/1
   189 | D:1      | Reached XP level 2. HP: 25/25 MP: 2/2
   587 | D:1      | Reached XP level 3. HP: 27/30 MP: 3/3
   921 | D:2      | Reached skill level 1 in Evocations
   926 | D:2      | Reached skill level 1 in Invocations
  1234 | D:2      | Reached XP level 4. HP: 25/38 MP: 4/4
  1986 | D:3      | Noticed a bullfrog
  1994 | D:3      | Killed a bullfrog
  1995 | D:3      | Reached skill level 4 in Shields
  1995 | D:3      | Reached XP level 5. HP: 35/45 MP: 4/6
  2091 | D:3      | Found an ancient bone altar of Kikubaaqudgha.
  2136 | D:3      | Found a radiant altar of Vehumet.
  2155 | D:3      | Found Niacuc's Assorted Antiques.
  2163 | D:3      | Bought a fuming orange potion for 25 gold pieces
  2163 | D:3      | Bought a silvery potion for 25 gold pieces
  2163 | D:3      | Bought an emerald potion for 25 gold pieces
  2212 | D:3      | Found a faded altar of an unknown god.
  2668 | D:4      | Reached skill level 1 in Dodging
  2765 | D:4      | Noticed an ogre
  2775 | D:4      | Killed an ogre
  2776 | D:4      | Reached XP level 6. HP: 32/51 MP: 7/7
  3448 | D:4      | Found Nabade's Self-Published Books.
  3516 | D:4      | Found a bloodstained altar of Trog.
  3740 | D:5      | Entered Level 5 of the Dungeon
  3740 | D:5      | Noticed an ice beast
  3740 | D:5      | Found Ciseqee's Distillery.
  3746 | D:4      | Killed an ice beast
  3747 | D:4      | Gained mutation: You regenerate magic and health when
                  | rolling toward enemies. (Rampage Regen) [Armataur growth]
  3747 | D:4      | Reached XP level 7. HP: 59/59 MP: 8/8
  3924 | D:5      | Found Puyrch's Jewellery Boutique.
  3926 | D:5      | Bought a potion of heal wounds for 70 gold pieces
  3936 | D:5      | Noticed an animated shadow dragon scales
  3938 | D:5      | Found Pyghiqi's Armour Shoppe.
  3940 | D:5      | Noticed an animated pearl dragon scales
  4154 | D:5      | Noticed Ijyb
  4162 | D:5      | Killed Ijyb
  4206 | D:5      | Gained mutation: You have hidden genetic defects. [potion
                  | of mutation]
  4206 | D:5      | Gained mutation: You sometimes lose your temper in combat.
                  | [potion of mutation]
  4206 | D:5      | Gained mutation: You have sharp toenails. [potion of
                  | mutation]
  4211 | D:5      | Reached skill level 5 in Armour
  4219 | D:5      | Lost mutation: You sometimes lose your temper in combat.
                  | [potion of mutation]
  4219 | D:5      | Lost mutation: You have hidden genetic defects. [potion of
                  | mutation]
  4219 | D:5      | Gained mutation: Your flesh is cold resistant. (rC+)
                  | [potion of mutation]
  4219 | D:5      | Gained mutation: You are partially covered in iridescent
                  | scales. (AC +2) [potion of mutation]
  4219 | D:5      | Gained mutation: Your tail ends in a venomous barb. [potion
                  | of mutation]
  4219 | D:5      | Gained mutation: You are somewhat resistant to further
                  | mutation. [potion of mutation]
  4494 | D:5      | Found a staircase to the Ecumenical Temple.
  4512 | Temple   | Found a transporter.
  4512 | Temple   | Found a transporter.
  4512 | Temple   | Found a transporter.
  4512 | Temple   | Found a transporter.
  4512 | Temple   | Entered the Ecumenical Temple
  4530 | Temple   | Became a worshipper of the Shining One
  4607 | D:5      | Reached XP level 8. HP: 67/67 MP: 10/10
  4666 | D:5      | Found a runed translucent door.
  4667 | D:5      | Noticed Crazy Yiuf
  4734 | D:5      | Noticed Blork the orc
  4748 | D:5      | Killed Blork the orc
  4749 | D:5      | Reached skill level 5 in Shields
  4922 | D:5      | Killed Crazy Yiuf
  5023 | D:5      | Bought a +0 tower shield for 49 gold pieces
  5332 | D:6      | Noticed Eustachio
  5362 | D:6      | Killed Eustachio
  5363 | D:6      | Reached skill level 5 in Fighting
  5793 | D:6      | Reached skill level 5 in Long Blades
  6011 | D:7      | Reached skill level 6 in Shields
  6011 | D:7      | Reached XP level 9. HP: 30/74 MP: 11/11
  6158 | D:7      | Found Seco's Antique Armour Boutique.
  6161 | D:7      | Found a runed translucent gate.
  6163 | D:7      | Found a runed translucent gate.
  6178 | D:7      | Found a runed translucent gate.
  6184 | D:7      | Noticed WhiterunGuard03's ghost (novice SpAl)
  6445 | D:7      | Noticed Maurice
  6456 | D:7      | Killed Maurice
  6597 | D:7      | Noticed a purple ugly thing
  6600 | D:7      | Noticed a purple ugly thing
  6600 | D:7      | Noticed a brown ugly thing
  6600 | D:7      | Reached * piety under the Shining One
  6601 | D:7      | Found a corrupted altar of Lugonu.
  6653 | D:7      | Identified the +8 mace "Koiwex" {pain, Will+ Int+3}
  6689 | D:7      | Found a sacrificial altar of Ru.
  6751 | D:7      | Found a transporter.
  6752 | D:7      | Found a transporter.
  6825 | D:8      | Noticed Psyche
  6830 | D:8      | Killed Psyche
  7056 | D:8      | Reached skill level 7 in Shields
  7194 | D:8      | Reached XP level 10. HP: 67/84 MP: 13/13
  7253 | D:8      | Found a staircase to the Lair.
  7428 | D:8      | Found a viscous altar of Jiyva.
  7499 | D:8      | Found a glowing silver altar of Zin.
  7618 | D:8      | Noticed a two-headed ogre
  7631 | D:8      | Killed a two-headed ogre
  7632 | D:8      | Reached skill level 8 in Shields
  7632 | D:8      | Reached skill level 5 in Evocations
  7638 | D:8      | Reached skill level 5 in Invocations
  7906 | D:9      | Slain by a yak

Illustrated notes

Levels and vault maps discovered:
D:1:      roderic_octagonal_star, layout_loops_corners
D:2:      layout_basic
D:3:      layout_loops_ring, mainiacjoe_overflow_concentric_impassable,
          vehumet_crystals, serial_shops, nicolae_shop_dealshenge,
          chequers_ecumenical_altar_lobes, serial_bayou_pond_b, kennysheep_boxes
D:4:      layout_basic, general_overflow_altar, nicolae_custom_books
D:5:      layout_rooms, minmay_temple_entry_large_hall, serial_shops,
          nicolae_shop_window_shopping, shop_fountains, nicolae_shop_mannequins,
          minmay_misc_feat_hallway, minivault_14, uniq_blork_the_orc,
          uniq_crazy_yiuf_cottage, uniq_ijyb
D:6:      layout_basic, uniq_eustachio
D:7:      gammafunk_corrupted_shrine, layout_rooms, lemuel_round_altar,
          gammafunk_ghost_necromancy, serial_shops, shop, uniq_maurice
D:8:      layout_basic, mainiacjoe_overflow_chevrons, minmay_lair_entry_grove,
          jiyva_altar_1, uniq_psyche
D:9:      layout_irregular_city, david_orc_2, enter_bailey_5,
          nicolae_water_bricks, uniq_joseph
Temple:   hellmonk_temple_divided_pantheon

Skill      XL: |  1  2  3  4  5  6  7  8  9 10 |
---------------+-------------------------------+-----
Long Blades    | 2 3 4 5 6 |  6.9
Evocations     | 1 2 3 4 5 |  5.1
Fighting       | 3 4 5 6 7 |  7.3
Invocations    | 1 2 3 4 5 |  5.0
Armour         | 4 5 6 7 |  7.3
Shields        | 4 6 7 8 |  8.2
Dodging        | 1 2 3 |  3.7

Action                     |  1- 3 |  4- 6 |  7- 9 | 10-12 || total
---------------------------+-------+-------+-------+-------++-------
  Melee: Long sword        |    98 |   198 |   314 |       ||   610
         Tailslap          |    10 |    19 |    59 |    22 ||   110
         Kick              |       |       |    84 |    52 ||   136
         Scimitar          |       |       |    67 |    94 ||   161
         Unarmed           |       |       |     5 |       ||     5
 Invoke: Divine Shield     |       |       |       |     1 ||     1
  Evoke: Wand              |       |       |     3 |       ||     3
    Use: Potion            |       |       |     8 |       ||     8
         Scroll            |       |       |     5 |     6 ||    11
 Armour: Scale mail        |    51 |       |       |       ||    51
         Plate armour      |    66 |   184 |   495 |    93 ||   838
         Skin              |       |       |     2 |       ||     2
  Dodge: Dodged            |    31 |    39 |    46 |     7 ||   123
  Block: Buckler           |    26 |    45 |    37 |       ||   108
         Tower shield      |       |       |   280 |   137 ||   417

Table legend: (Time is in decaauts)
 A = Elapsed time spent in this place.
 B = Non-inter-level travel time spent in this place.
 C = Inter-level travel time spent in this place.
 D = Time resting spent in this place.
 E = Time spent auto-exploring this place.
 F = Levels seen in this place.
 G = Mean time per level.
                   A        B        C        D        E       F      G
               +--------+--------+--------+--------+--------+-----+--------+
         Total |   8168 |   7904 |    264 |    150 |   5763 |  10 |  816.8 |
       Dungeon |   8131 |   7867 |    264 |    150 |   5763 |   9 |  903.4 |
        Temple |     36 |     36 |      0 |      0 |      0 |   1 |   36.0 |
               +--------+--------+--------+--------+--------+-----+--------+

Top non-repeatable levels by time:
     D:5: 1301 daAuts
     D:4: 1184 daAuts
     D:8: 1113 daAuts
     D:2: 1030 daAuts
     D:6: 985 daAuts
     D:7: 863 daAuts
     D:3: 815 daAuts
     D:1: 804 daAuts
  Temple: 36 daAuts
     D:9: 32 daAuts
